 Dungeon Crawl Stone Soup version 0.30-a0-924-g0ad0bf95bc (webtiles) character file.

Game seed: 7695603724073779384

756 Firecrotchwizard the Firebug (level 7, -6/36 HPs)
             Began as a Deep Elf Fire Elementalist on Mar 23, 2023.
             Was an Initiate of Vehumet.
             Mangled by an orc warrior
             ... wielding a +0 long sword
              (15 damage)
             ... on level 6 of the Dungeon.
             The game lasted 00:09:20 (4792 turns).

Firecrotchwizard the Firebug (DEFE)                 Turns: 4792, Time: 00:09:21

Health: -6/36      AC:  5    Str: 11    XL:     7   Next: 50%
Magic:  0/17       EV: 12    Int: 22    God:    Vehumet [......]
Gold:   125        SH:  0    Dex: 15    Spells: 4/17 levels left

rFire   . . .      SeeInvis .    c - +0 spear
rCold   . . .      Faith    .    (no shield)
rNeg    . . .      Spirit   .    a - +0 robe
rPois   .          Reflect  .    (no helmet)
rElec   .          Rampage  .    q - +0 cloak
rCorr   .                        e - +0 pair of gloves
Will    .....                    f - +0 pair of boots {Fly}
Stlth   ++                       (no amulet)
HPRegen 0.26/turn                i - +6 ring of strength
MPRegen 0.15/turn                (no ring)

@: flying
A: no striking features
a: Renounce Religion


You were on level 6 of the Dungeon.
You worshipped Vehumet.
Vehumet was noncommittal.
You visited 2 branches of the dungeon, and saw 7 of its levels.

You collected 305 gold pieces.
You spent 180 gold pieces at shops.

Inventory:

Hand Weapons
 c - a +0 spear (weapon)
   (You found it on level 1 of the Dungeon)
Missiles
 r - 16 poisoned darts
 s - 55 stones (quivered)
Armour
 a - a +0 robe (worn)
 e - a +0 pair of gloves (worn)
   (You found it on level 1 of the Dungeon)
 f - a +0 pair of boots of flying (worn)
   (You bought it in a shop on level 5 of the Dungeon)
 q - a +0 cloak (worn)
   (You found it on level 3 of the Dungeon)
Magical Staves
 o - a staff of poison {rPois}
   (You found it on level 3 of the Dungeon)
Jewellery
 i - a +6 ring of strength (left hand)
   (You found it on level 2 of the Dungeon)
 C - a ring of protection from cold {rC+, !d}
   (You found it on level 3 of the Dungeon)
Wands
 h - a wand of acid (9)
   (You found it on level 4 of the Dungeon)
Scrolls
 j - 2 scrolls of noise {!r}
 D - a scroll of blinking {!r}
 X - a scroll of magic mapping {@r4!r}
Potions
 n - a potion of flight {unknown}
 G - 3 potions of ambrosia {!q}
 J - 4 potions of curing {@q1}
 M - a potion of magic
 U - a potion of mutation {!q}


   Skills:
 - Level 2.4 Dodging
 - Level 2.4 Stealth
 + Level 5.6 Spellcasting
 + Level 5.4 Conjurations
 + Level 6.4 Fire Magic
 * Level 2.3 Poison Magic


You had 4 spell levels left.
You knew the following spells:

 Your Spells              Type           Power      Damage    Failure   Level
a - Foxfire               Conj/Fire      100%       2x1d9     1%          1
b - Scorch                Fire           68%        2d8       1%          2
c - Flame Wave            Conj/Fire      32%        2d9       9%          4
d - Ignite Poison         Fire/Tmut/Pois 19%        N/A       9%          3
x - Mephitic Cloud        Conj/Pois/Air  17%        N/A       10%         3

Your spell library contained the following spells:

 Spells                   Type           Power      Damage    Failure   Level
 Inner Flame              Hex/Fire       20%        N/A       8%          3
 Necrotise                Necr           24%        1d5       10%         1
 Slow                     Hex            24%        N/A       10%         1
 Kindle Blastsparks       Fire/Tloc/Air  30%        2d12      12%         3
 Summon Guardian Golem    Hex/Summ       6%         N/A       28%         3
 Vampiric Draining        Necr           6%         2d6       28%         3
 Fulminant Prism          Conj/Hex       9%         3d7       30%         4
 Agony                    Necr           6%         N/A       95%         5
 Orb of Destruction       Conj           15%        9d7       100%        7
 Spellforged Servitor     Conj/Summ      9%         N/A       100%        7


Dungeon Overview and Level Annotations

Branches:
Dungeon (6/15)             Temple (1/1) D:5

Altars:
Ashenzari
Cheibriados
Dithmenos
Elyvilon
Gozag
Hepliaklqana
Kikubaaqudgha
Makhleb
Nemelex Xobeh
Ru
Trog
Uskayaw
Vehumet
Wu Jian
Xom
Yredelemnul
Zin
The Shining One

Shops:
D:5 [[

Annotations:
D:2 1 runed translucent door, Crazy Yiuf, Sigmund
D:3 Natasha
D:5 3 runed translucent doors, AverageBear's ghost, novice OpFi
Temple 2 transporters


Message History

Could not explore, unopened runed door.
(D) Dungeon (T) Temple
Where to? (Enter - Temple @ (x,y), ? - help) AverageBear's ghost says, "Very impressive.
But it won't help.
Nothing will."
There is a stone staircase leading down here.
You fly downwards.
Found 7 stones.
Found a stone staircase leading down.
There is a stone staircase leading up here.
s - 55 stones (gained 7)
r - 16 poisoned darts (gained 6)
d - a scroll of identify {@r1}
As you read the scroll of identify {@r1}, it crumbles to dust.
b - a scroll of blinking;
D - a scroll of blinking A howler monkey comes into view.
The howler monkey howls!
You conjure some foxfire!
You now have 16/17 mp.
Flames lash the howler monkey.
The howler monkey's fire resistance burns away.
The foxfire hits the howler monkey.
The foxfire hits the howler monkey!
The howler monkey is burned terribly!
You kill the howler monkey!
Vehumet accepts your kill.
You now have 14/17 mp.
An iguana comes into view.
You regained 2 mp, and now have 16/17 mp.
You conjure some foxfire!
The iguana hisses angrily.
You now have 15/17 mp.
You conjure some foxfire!
You now have 14/17 mp.
The foxfire hits the iguana but does no damage.
The foxfire hits the iguana.
You conjure some foxfire!
Flames lash the iguana.
The iguana's fire resistance burns away.
The foxfire hits the iguana.
The iguana is burned terribly!
The foxfire hits the iguana!
The iguana is burned terribly!
You kill the iguana!
Vehumet accepts your kill.
You now have 12/17 mp.
You see here a +0 robe.
An orc comes into view. It is wielding a +0 trident.
MP restored: 17 You conjure some foxfire!
You now have 16/17 mp.
An orc warrior comes into view. It is wielding a +0 long sword.
The foxfire hits the orc.
The foxfire hits the orc!
You kill the orc!
Vehumet accepts your kill.
You conjure some foxfire!
You now have 15/17 mp.
Flames lash the orc warrior.
The orc warrior's fire resistance burns away.
You hear a shout!
You hear a croak.
The foxfire hits the orc warrior.
The orc warrior is burned terribly!
The foxfire hits the orc warrior but does no damage.
An orc wizard comes into view. It is wielding a +0 dagger.
You now have 13/17 mp.
You conjure some foxfire!
A bullfrog comes into view.
You now have 12/17 mp.
Flames lash the orc warrior.
The orc warrior is burned terribly!
The foxfire hits the orc warrior but does no damage. x2
The orc warrior hits you with a +0 long sword.
You take 6 damage, and have 30/36 hp.
You now have 10/17 mp.
You conjure some foxfire!
The orc warrior hits you with a +0 long sword.
You take 3 damage, and have 27/36 hp.
Flames lash the bullfrog.
The bullfrog's fire resistance burns away.
The foxfire hits the orc warrior but does no damage.
The foxfire hits the orc warrior.
The orc warrior is burned terribly!
The bullfrog hits you but does no damage.
The orc warrior barely misses you.
You now have 8/17 mp.
Flames lash the bullfrog.
The bullfrog is burned terribly!
The bullfrog closely misses you.
You now have 6/17 mp.
Flames lash the orc wizard.
The orc wizard's fire resistance burns away.
The bullfrog hits you. x2
The orc warrior hits you with a +0 long sword!
The orc wizard points at you and mumbles some strange words.
The magic dart hits you.
You take 16 damage, and have 12/36 hp.
MASSIVE DAMAGE!!
You now have 4/17 mp.
Flames lash the bullfrog.
The bullfrog is burned terribly!
You kill the bullfrog!
Vehumet accepts your kill.
The orc warrior hits you with a +0 long sword.
* * * LOW HITPOINT WARNING * * *
Your Poison Magic skill increases to level 2!
You take 3 damage, and have 9/36 hp.
You now have 2/17 mp.
Flames lash the orc wizard.
The orc wizard is burned terribly!
You kill the orc wizard!
Vehumet accepts your kill.
The orc warrior hits you with a +0 long sword!
You die...

######### ####.......#
...........# #........##
#....#...##
###....#..#####
#.##........#
...####o####....#.###
....).)@..#####...[.####
......†?.[# ###.#.....
#.........# #........
#..........#####.###....
######..##.....#.#.†....
#... .###...#.##...
##.##.# ##....####.
#.##.# ##.....# . #.#
#.###....


You could see an orc warrior (combustible).

Vanquished Creatures
  A water moccasin (D:5)
  A black bear (D:5)
  An ogre (D:4)
  A bullfrog (D:6)
  A howler monkey (D:6)
  2 hounds (D:5)
  4 jellies (D:5)
  A sleepcap (D:3)
  2 iguanas
  2 orc wizards
  3 adders
  An ufetubus (D:5)
  A worm (D:2)
  A dart slug (D:4)
  9 orcs
  3 bats (D:2)
  3 endoplasms
  3 giant cockroaches
  5 goblins
  2 hobgoblins
  2 jackals (D:4)
  5 quokkas
  3 ball pythons
  7 kobolds
  A rat (D:3)
65 creatures vanquished.

Vanquished Creatures (others)
  210 foxfires
210 creatures vanquished.

Grand Total: 275 creatures vanquished

Notes
Turn   | Place    | Note
-------+----------+-------------------------------------------
     0 | D:1      | Firecrotchwizard the Deep Elf Fire Elementalist began the
                  | quest for the Orb.
     0 | D:1      | Reached XP level 1. HP: 10/10 MP: 6/6
   330 | D:1      | Found Mikkar's Book Shoppe.
   795 | D:2      | Reached XP level 2. HP: 15/15 MP: 8/8
   828 | D:2      | Learned a level 2 spell: Scorch
   950 | D:2      | Got the Encyclopedia of Alluring Toxicants
  1037 | D:2      | Noticed Sigmund
  1054 | D:2      | Reached skill level 2 in Conjurations
  1360 | D:2      | Found a runed translucent door.
  1361 | D:2      | Noticed Crazy Yiuf
  1739 | D:3      | Reached skill level 4 in Fire Magic
  1739 | D:3      | Reached XP level 3. HP: 19/19 MP: 3/9
  1951 | D:3      | Found an opulent altar of Gozag.
  1978 | D:3      | Noticed Natasha
  2099 | D:3      | Found a shimmering altar of Xom.
  2148 | D:3      | Found a faded altar of an unknown god.
  2337 | D:3      | Reached XP level 4. HP: 24/24 MP: 6/11
  3204 | D:4      | Reached skill level 3 in Conjurations
  3253 | D:4      | Reached skill level 4 in Spellcasting
  3417 | D:4      | Noticed an ogre
  3423 | D:4      | Killed an ogre
  3424 | D:4      | Reached skill level 5 in Fire Magic
  3424 | D:4      | Reached XP level 5. HP: 28/28 MP: 6/13
  3529 | D:4      | Found a sacrificial altar of Ru.
  3529 | D:4      | Found a snail-covered altar of Cheibriados.
  3822 | D:5      | Entered Level 5 of the Dungeon
  3827 | D:5      | Found Qoypsauh's Antique Armour Boutique.
  3830 | D:5      | Bought a pair of glowing boots for 180 gold pieces
  3842 | D:5      | Reached skill level 4 in Conjurations
  3913 | D:5      | Found Vuxiuniw's Antique Armour Emporium.
  3920 | D:5      | Noticed a black bear
  3926 | D:5      | Killed a black bear
  3927 | D:5      | Reached XP level 6. HP: 32/32 MP: 9/15
  4159 | D:5      | Reached skill level 5 in Spellcasting
  4207 | D:5      | Found a white marble altar of Elyvilon.
  4259 | D:5      | Found a staircase to the Ecumenical Temple.
  4270 | Temple   | Entered the Ecumenical Temple
  4270 | Temple   | Found a transporter.
  4270 | Temple   | Found a transporter.
  4297 | Temple   | Found a transporter.
  4297 | Temple   | Found a transporter.
  4308 | Temple   | Became a worshipper of Vehumet
  4347 | D:5      | Found a basalt altar of Yredelemnul.
  4378 | D:5      | Reached skill level 5 in Conjurations
  4378 | D:5      | Reached skill level 6 in Fire Magic
  4474 | D:5      | Reached XP level 7. HP: 33/36 MP: 12/16
  4479 | D:5      | Learned a level 4 spell: Flame Wave
  4483 | D:5      | Learned a level 3 spell: Ignite Poison
  4487 | D:5      | Learned a level 3 spell: Mephitic Cloud
  4507 | D:5      | Reached skill level 1 in Poison Magic
  4635 | D:5      | Found a runed translucent gate.
  4637 | D:5      | Noticed AverageBear's ghost (novice OpFi)
  4639 | D:5      | Found a runed translucent gate.
  4640 | D:5      | Found a runed translucent gate.
  4791 | D:6      | HP: 9/36 [orc warrior/+0 long sword (4)]
  4792 | D:6      | Reached skill level 2 in Poison Magic
  4792 | D:6      | Mangled by an orc warrior

Illustrated notes

Levels and vault maps discovered:
D:1:      lemuel_arrival_river_passageway, layout_loops_ring, serial_shops,
          nicolae_shop_crystal
D:2:      layout_basic, uniq_crazy_yiuf_cottage, uniq_sigmund
D:3:      layout_basic, nicolae_gozag_seed_capital,
          mainiacjoe_overflow_tiny_flanked, nicolae_ecumenical_oubliette,
          uniq_natasha
D:4:      layout_cave_pods, gammafunk_temple_overflow_elements
D:5:      layout_rooms, kennysheep_ying_yang, temple_green,
          biasface_ghost_orc_armoury, serial_shops, nicolae_shop_behind_doors,
          nicolae_shop_hallway_plus
D:6:      lemuel_slime, layout_rooms, serial_shops, shop
Temple:   hellmonk_temple_divided_pantheon

Skill      XL: |  1  2  3  4  5  6  7 |
---------------+----------------------+-----
Conjurations   | 2 3 4 5 |  5.4
Fire Magic     | 4 5 6 |  6.4
Spellcasting   | 4 5 |  5.6
Poison Magic   | 2 |  2.3
Dodging        | |  2.4
Stealth        | |  2.4

Action                     |  1- 3 |  4- 6 |  7- 9 || total
---------------------------+-------+-------+-------++-------
  Melee: Spear             |    29 |     2 |       ||    31
  Throw: Stone             |     3 |       |       ||     3
   Cast: Foxfire           |    42 |    71 |    12 ||   125
         Scorch            |     3 |     6 |    11 ||    20
    Use: Scroll            |       |    10 |     1 ||    11
   Stab: Sleeping          |     2 |       |       ||     2
 Armour: Robe              |    15 |     4 |     1 ||    20
  Dodge: Dodged            |    16 |     6 |     2 ||    24

Table legend: (Time is in decaauts)
 A = Elapsed time spent in this place.
 B = Non-inter-level travel time spent in this place.
 C = Inter-level travel time spent in this place.
 D = Time resting spent in this place.
 E = Time spent auto-exploring this place.
 F = Levels seen in this place.
 G = Mean time per level.
                   A        B        C        D        E       F      G
               +--------+--------+--------+--------+--------+-----+--------+
         Total |   4802 |   4657 |    145 |     63 |   4109 |   7 |  686.0 |
       Dungeon |   4746 |   4616 |    130 |     63 |   4080 |   6 |  791.0 |
        Temple |     55 |     40 |     15 |      0 |     29 |   1 |   55.0 |
               +--------+--------+--------+--------+--------+-----+--------+

Top non-repeatable levels by time:
     D:3: 1171 daAuts
     D:4: 1083 daAuts
     D:5: 803 daAuts
     D:1: 801 daAuts
     D:2: 776 daAuts
     D:6: 110 daAuts
  Temple: 55 daAuts

Table legend:
 A = Kills in this place as a percentage of kills in the entire game.
 B = Kills by you in this place as a percentage of kills by you in the entire game.
 C = Kills by friends in this place as a percentage of kills by friends in the entire game.
 D = Other kills in this place as a percentage of other kills in the entire game.
 E = Experience gained in this place as a percentage of experience gained in the entire game.
 F = Experience gained in this place divided by the number of levels of this place that you have seen.
                   A       B       C       D       E      F
               +-------+-------+-------+-------+-------+----------------------
         Total | 100.0 | 100.0 |   N/A |   N/A | 100.0 | 159.4
       Dungeon | 100.0 | 100.0 |   N/A |   N/A | 100.0 | 186.0
               +-------+-------+-------+-------+-------+----------------------
